 Dungeon Crawl Stone Soup version 0.21.1-1-g345015f (webtiles) character file.

149 sking99 the Shield-Bearer (level 5, 33/33 HPs)
             Began as a Gargoyle Fighter on June 22, 2018.
             Was a Follower of Sif Muna.
             Quit the game on level 3 of the Dungeon.
             The game lasted 00:06:29 (2158 turns).

sking99 the Shield-Bearer (Gargoyle Fighter)        Turns: 2158, Time: 00:06:30

Health: 33/33      AC: 11    Str: 20    XL:     5   Next: 31%
Magic:  5/5        EV:  7    Int:  8    God:    Sif Muna [*.....]
Gold:   122        SH:  9    Dex: 10    Spells: 4/4 levels left

rFire    . . .     SeeInvis .   a - +0 flail
rCold    . . .     Gourm    .   c - +0 shield
rNeg     + . .     Faith    .   b - +0 scale mail
rPois    ∞         Spirit   .   (no helmet)
rElec    +         Reflect  .   (no cloak)
rCorr    .         Harm     .   (no gloves)
MR       .....                  (no boots)
Stlth    ..........             (no amulet)
HPRegen  0.11/turn              (no ring)
MPRegen  0.09/turn              (no ring)

@: no status effects
A: negative energy resistance 1, electricity resistance, unbreathing,
petrification resistance, rot immunity, AC +4
a: Divine Energy, Renounce Religion


You were on level 3 of the Dungeon.
You worshipped Sif Muna.
Sif Muna was aware of your devotion.
You were hungry.

You visited 1 branch of the dungeon, and saw 3 of its levels.

You collected 122 gold pieces.

Inventory:

Hand Weapons
 a - a +0 flail (weapon)
Armour
 b - a +0 scale mail (worn)
 c - a +0 shield (worn)
Wands
 n - a wand of flame (22)
Scrolls
 e - 6 scrolls of teleportation {unknown}
 h - a scroll of random uselessness {unknown}
 j - 4 scrolls of identify {unknown}
 m - a scroll of fog {unknown}
Potions
 d - a potion of might
 i - 2 potions of curing {unknown}
 k - a potion of resistance {unknown}
 l - 3 potions of haste {unknown}
 o - a potion of cancellation {unknown}
Comestibles
 f - 2 rations


   Skills:
 + Level 3.8 Fighting
 + Level 3.5 Maces & Flails
 + Level 4.0 Armour
 + Level 0.6 Dodging
 + Level 4.2 Shields


You had 4 spell levels left.
You didn't know any spells.

Dungeon Overview and Level Annotations

Branches:
Dungeon (3/15)

Altars:
Sif Muna

Annotations:
D:3 theblackcape's ghost, amateur GnWn


Innate Abilities, Weirdness & Mutations

You are resistant to torment.
Your stone body is resilient. (AC +4)
You are immune to poison.
You resist negative energy. (rN+)
You are resistant to electric shocks. (rElec)
You can survive without breathing.
You are immune to petrification.
You are immune to rotting.


Message History

l - 3 bubbling white potions (gained 1)
Found a faded altar of an unknown god.
A quokka skeleton comes into view.
You block the quokka skeleton's attack.
Your shield and scale mail prevent you from hitting the quokka skeleton.
You block the quokka skeleton's attack.
You hit the quokka skeleton.
The quokka skeleton is severely damaged.
You block the quokka skeleton's attack. x2
You sock the quokka skeleton!
You destroy the quokka skeleton!
Found a scroll labeled ICAGESHAMUO.
There is a faded altar of an unknown god here.
You cannot tell which god this altar belongs to.
Convert to them anyway?
Sif Muna accepts your prayer! Sif Muna welcomes you!
You can now request divine energy to cast spells with insufficient magic.
Are you sure you want to abandon this character and quit the game? (Confirm with "yes".)
Okay, then.
Are you sure you want to abandon this character and quit the game? (Confirm with "yes".)

### ### ...## ...#
..#.# ...# .#..#
###...# #÷).## #.....#
.....# ##..#..#
.##..########..#@#
.##.............#?.#
....##÷.....##.......#
#...##<..>..##.##.##.#
.#..##......##.# .# #
..#.##......##.# .#
...###......##.# ##
##. #......##.# .
....#.####..


There were no monsters in sight!

Vanquished Creatures
  Robin (D:2)
  3 gnolls (D:2)
  3 adders (D:2)
  3 worms
  2 dart slugs (D:1)
  2 giant cockroaches (D:1)
  13 goblins
  8 hobgoblins
  10 jackals
  4 kobolds
  2 quokkas
  A ball python (D:1)
  5 bats
  4 frilled lizards
  A quokka skeleton (D:3)
  8 rats
70 creatures vanquished.

Notes
Turn   | Place    | Note
-------+----------+-------------------------------------------
     0 | D:1      | sking99 the Gargoyle Fighter began the quest for the Orb.
     0 | D:1      | Reached XP level 1. HP: 14/14 MP: 1/1
    57 | D:1      | Reached XP level 2. HP: 19/19 MP: 2/2
   383 | D:1      | Reached XP level 3. HP: 23/23 MP: 3/3
   880 | D:2      | Reached XP level 4. HP: 28/29 MP: 4/4
  1445 | D:2      | Noticed Robin
  1480 | D:2      | Reached XP level 5. HP: 31/33 MP: 5/5
  1500 | D:2      | Killed Robin
  1767 | D:3      | Noticed theblackcape's ghost (amateur GnWn)
  2148 | D:3      | Found a faded altar of an unknown god.
  2157 | D:3      | Became a worshipper of Sif Muna the Loreminder
  2157 | D:3      | Reached * piety under Sif Muna
  2158 | D:3      | Quit the game

Skill      XL: |  1  2  3  4 |
---------------+-------------+-----
Maces & Flails | 3 |  3.5
Shields        | 4 |  4.2
Armour         | 4 |  4.0
Fighting       | |  3.8
Dodging        | |  0.6

Action                   |  1- 3 |  4- 6 || total
-------------------------+-------+-------++-------
Melee: Flail             |   100 |   170 ||   270
  Eat: Chunk             |       |     4 ||     4
Armor: Scale mail        |    49 |   121 ||   170
Dodge: Dodged            |    33 |    65 ||    98
Block: Shield            |    56 |   113 ||   169
